 Dungeon Crawl Stone Soup version 0.31-a0-1301-g7e11add784 (webtiles) character file.

Game seed: 8451715859503332288

181 Nattfarinn the Ruffian (level 5, -4/44 HPs)
             Began as a Naga Shapeshifter on Dec 19, 2023.
             Slain by Pargi (7 damage)
             ... in a sewer.
             The game lasted 00:04:45 (2294 turns).

Nattfarinn the Ruffian (Naga Shapeshifter)          Turns: 2294, Time: 00:04:45

Health: -4/44      AC:  2    Str: 18    XL:     5   Next: 61%
Magic:  5/5        EV:  9    Int: 10    God:
Gold:   137        SH:  0    Dex: 11    Spells: 4/4 levels left

rFire   + . .        n - +2 whip (venom)
rCold   + . .        (no shield)
rNeg    . . .        a - +0 animal skin
rPois   +            (helmet currently unavailable)
rElec   +            (cloak currently unavailable)
rCorr   +            (gloves currently unavailable)
SInv    +            (no barding)
Will    .....        (no amulet)
Stlth   +            (no ring)
HPRegen 0.27/turn    (no ring)
MPRegen 0.09/turn

%: no passive effects
@: beast-form, resistant, very slow
A: beast (slay +2), AC +1, large, see invisible, deformed body, poison
resistance, slowness 2, spit poison 1, naga tail 1
a: Spit Poison, Begin Untransformation


You were in a sewer.
You were a hulking beast.
You visited 1 branch of the dungeon, and saw 3 of its levels.
You also visited: Sewer.

You collected 137 gold pieces.

Inventory:

Hand Weapons
 n - a +2 whip of venom (weapon)
Missiles
 k - 2 throwing nets
Armour
 a - a +0 animal skin (worn)
Talismans
 c - a beast talisman
 d - a flux talisman
Scrolls
 e - 2 scrolls of identify {unknown}
 f - a scroll of summoning {unknown}
 g - 2 scrolls of revelation {unknown}
 j - a scroll of vulnerability {unknown}
 l - a scroll of brand weapon {unknown}
 m - 2 scrolls of fear {unknown}
Potions
 h - a potion of magic {unknown}
 i - a potion of brilliance {unknown}


   Skills:
 - Level 1.0 Fighting
 - Level 1.5 Dodging
 + Level 4.8 Unarmed Combat
 + Level 4.5 Shapeshifting


You had 4 spell levels left.
You didn't know any spells.
Your spell library was empty.

Dungeon Overview and Level Annotations

Branches:
Dungeon (3/15)              Sewer (1/1)

Altars:
Nemelex Xobeh
Yredelemnul

Annotations:
Sewer Pargi


Innate Abilities, Weirdness & Mutations

You are a hulking beast.
Your limbs bulge with bestial killing power. (Slay +2)
Your serpentine skin is tough. (AC +1)
You have supernaturally acute eyesight. (SInv)
Armour fits poorly on your strangely shaped body.
Your system is resistant to poisons. (rPois)
You cover ground very slowly.
You can spit poison.
You have a snake-like lower body.


Message History

There is a broken door here.
You open the door.
Pargi the Meek comes into view.
Found a scroll labelled GAGAYRGHYUCW.
You close the door.
Your +2 whip of venom begins to drip with poison!
n - a +2 whip of venom (weapon)
You open the door.
Pargi shouts!
You closely miss Pargi. Pargi bites you. Pargi barely misses you.
Pargi claws you.
You whack Pargi!
Pargi is poisoned.
Pargi is moderately wounded.
Pargi bites you. Pargi claws you. x2
You hit Pargi.
Pargi is moderately wounded.
Pargi snarls, "Go!
Away!"
Pargi bites you but does no damage. Pargi claws you. x2
You closely miss Pargi.
Pargi is moderately wounded.
Pargi barely misses you. x2; Pargi claws you but does no damage.
You whack Pargi!
Pargi is severely wounded.
Pargi bites you! Pargi completely misses you. Pargi claws you.
You completely miss Pargi.
Pargi is heavily wounded.
Pargi bites you. Pargi claws you. x2
* * * LOW HITPOINT WARNING * * *
You miss Pargi.
Pargi is heavily wounded.
Pargi closely misses you. Pargi claws you but does no damage. Pargi claws you.
* * * LOW HITPOINT WARNING * * *
Pargi bites you!
* * * LOW HITPOINT WARNING * * *
Pargi claws you but does no damage. Pargi claws you.
* * * LOW HITPOINT WARNING * * *
It was a potion of resistance.
You feel protected. Pargi bites you!
You die...

#############
#..†.~≈~hT.?#
####.~≈~.####
####.~≈~.####
#..'.~≈~.'..#
####.~≈~.####
####.~≈~.####
#..'.~≈~.'..#
####.~≈~.####
#.~≈~.####


You could see Pargi (poisoned).

Vanquished Creatures
  Robin (D:2)
  7 adders
  A river rat (D:3)
  3 dart slugs (D:2)
  4 orcs (D:2)
  A bat (D:3)
  12 endoplasms
  2 giant cockroaches
  13 goblins
  9 hobgoblins
  3 jackals (D:2)
  2 quokkas
  4 ball pythons
  2 frilled lizards
  11 kobolds
  6 rats
81 creatures vanquished.

Notes
Turn   | Place    | Note
-------+----------+-------------------------------------------
     0 | D:1      | Nattfarinn the Naga Shapeshifter began the quest for the
                  | Orb.
     0 | D:1      | Reached XP level 1. HP: 18/18 MP: 1/1
   190 | D:1      | Reached XP level 2. HP: 2/25 MP: 2/2
  1059 | D:2      | Reached XP level 3. HP: 26/31 MP: 3/3
  1346 | D:2      | Reached XP level 4. HP: 38/38 MP: 4/4
  1473 | D:2      | Noticed Robin
  1506 | D:2      | Killed Robin
  1633 | D:2      | Found a faded altar of an unknown god.
  1896 | D:3      | Found a basalt altar of Yredelemnul.
  1943 | D:3      | Found a sparkling altar of Nemelex Xobeh.
  1991 | D:3      | Reached XP level 5. HP: 44/44 MP: 5/5
  2131 | D:3      | Found a glowing drain.
  2139 | Sewer    | Entered a sewer
  2283 | Sewer    | Noticed Pargi
  2294 | Sewer    | Slain by Pargi

Illustrated notes

Levels and vault maps discovered:
D:1:      scummos_arrival_star, layout_loops_ring
D:2:      layout_basic, serial_aquarium, aquarium_bridge_square
          [aquarium_subvault_wall, aquarium_subvault_bridge,
          aquarium_subvault_wall, aquarium_subvault_bridge], aquarium_window_2,
          aquarium_window_corner, aquarium_window_2, aquarium_window_corridor_1,
          aquarium_view_2b, aquarium_balcony_3a,
          shapermc_ecumenical_altar_notcrosses, uniq_robin
D:3:      layout_basic, mainiacjoe_overflow_brackets,
          lemuel_coloured_pillars_altar, general_overflow_altar,
          lemuel_crystal_altar, makhleb_altar_promises_db,
          lightli_sewer_entry_pipes, kennysheep_generic_room_15, uniq_natasha
Sewer:    kennysheep_door_sewer

Skill      XL: |  1  2  3  4 |
---------------+-------------+-----
Unarmed Combat | 4 |  4.8
Shapeshifting  | 4 |  4.5
Fighting       | |  1.0
Dodging        | |  1.5

Action                     |  1- 3 |  4- 6 || total
---------------------------+-------+-------++-------
  Melee: Unarmed           |    71 |   105 ||   176
         Punch             |     2 |     2 ||     4
         Whip              |       |     7 ||     7
Ability: Spit Poison       |    26 |     5 ||    31
    Use: Potion            |       |     2 ||     2
   Stab: Sleeping          |       |     1 ||     1
 Armour: Animal skin       |    50 |    65 ||   115
         Skin              |       |    14 ||    14
  Dodge: Dodged            |    23 |    46 ||    69

Table legend: (Time is in decaauts)
 A = Elapsed time spent in this place.
 B = Non-inter-level travel time spent in this place.
 C = Inter-level travel time spent in this place.
 D = Time resting spent in this place.
 E = Time spent auto-exploring this place.
 F = Levels seen in this place.
 G = Mean time per level.
                   A        B        C        D        E       F      G
               +--------+--------+--------+--------+--------+-----+--------+
         Total |   2833 |   2733 |    100 |    225 |   1875 |   4 |  708.2 |
       Dungeon |   2661 |   2561 |    100 |    176 |   1792 |   3 |  887.0 |
         Sewer |    171 |    171 |      0 |     49 |     83 |   1 |  171.0 |
               +--------+--------+--------+--------+--------+-----+--------+

Top non-repeatable levels by time:
     D:1: 1195 daAuts
     D:2: 1028 daAuts
     D:3: 437 daAuts
   Sewer: 171 daAuts
